 Dungeon Crawl Stone Soup version 0.31-a0-188-g5e087ee2ca (webtiles) character file.

Game seed: 190880691381844884

1973 lessens the Spear-Bearer (level 9, -2/64 HPs)
             Began as a Merfolk Cinder Acolyte on June 24, 2023.
             Was an Initiate of Okawaru.
             Slain by a fire elemental (9 damage)
             ... created by the fiery vengeance of Ignis
             ... on level 7 of the Dungeon.
             The game lasted 00:08:09 (7025 turns).

lessens the Spear-Bearer (Merfolk Cinder Acolyte)   Turns: 7025, Time: 00:08:09

Health: -2/64      AC: 10    Str: 19    XL:     9   Next: 20%
Magic:  10/10      EV: 12    Int: 13    God:    Okawaru [......]
Gold:   234        SH:  0    Dex:  9    Spells: 10/10 levels left

rFire   . . .        B - +0 glaive
rCold   . . .        (shield currently unavailable)
rNeg    . . .        n - +0 ring mail
rPois   .            w - +0 helmet
rElec   .            (no cloak)
rCorr   .            r - +2 pair of gloves
SInv    .            t - +0 pair of boots
Will    .....        (no amulet) Stlth
                     v - ring of protection from fire
HPRegen 0.30/turn    L - ring of protection from fire
MPRegen 0.12/turn

%: no passive effects
@: fire susceptible
A: (nimble swimmer 2), mertail
a: Renounce Religion


You were on level 7 of the Dungeon.
You worshipped Okawaru.
Okawaru was noncommittal.
You visited 2 branches of the dungeon, and saw 8 of its levels.

You collected 234 gold pieces.

Inventory:

Hand Weapons
 a - a -1 hand axe of flaming
 m - a +0 trident
 B - a +0 glaive (weapon)
Missiles
 c - 69 stones
 i - 9 poisoned darts
 E - 4 curare-tipped darts
 G - 7 boomerangs
 H - 2 silver boomerangs
 N - a throwing net
Armour
 b - a +0 robe
 n - a +0 ring mail (worn)
 r - a +2 pair of gloves (worn)
 t - a +0 pair of boots (worn)
 w - a +0 helmet (worn)
 F - a scarf of shadows
Jewellery
 o - a ring of magical power
 p - an amulet of faith
 v - a ring of protection from fire (left hand)
 I - a ring of poison resistance
 K - a ring of willpower
 L - a ring of protection from fire (right hand)
Wands
 k - a wand of mindburst (18)
Scrolls
 d - a scroll of immolation {unknown}
 e - a scroll of fog {unknown}
 f - 3 scrolls of enchant weapon {unknown}
 g - a scroll of silence {unknown}
 h - 4 scrolls of teleportation {unknown}
 j - 5 scrolls of identify {unknown}
 u - a scroll of butterflies {unknown}
 x - a scroll of revelation {unknown}
 y - 2 scrolls of vulnerability {unknown}
 D - a scroll of amnesia {unknown}
 M - a scroll of noise {unknown}
Potions
 l - 2 potions of brilliance {unknown}
 q - 4 potions of curing
 s - 2 potions of haste {unknown}
 z - a potion of mutation {unknown}
 A - a potion of lignification {unknown}
 C - a potion of heal wounds {unknown}
 J - a potion of attraction {unknown}


   Skills:
 - Level 3.2 Fighting
 - Level 2.4(6.0) Axes
 * Level 13.3(13.5) Polearms
 + Level 6.8 Dodging
 - Level 1.0 Spellcasting
 - Level 2.1 Fire Magic


You had 10 spell levels left.
You didn't know any spells.
Your spell library contained the following spells:

 Spells                   Type           Power      Damage    Failure   Level
 Scorch                   Fire           12%        2d6       30%         2
 Sandblast                Erth           0%         2d4       43%         1
 Passwall                 Tmut/Erth      0%         N/A       58%         2
 Stone Arrow              Conj/Erth      0%         3d7       82%         3


Dungeon Overview and Level Annotations

Branches:
Dungeon (7/15) Zot: 26690  Temple (1/1) D:7 Zot: 5801

Altars:
Ashenzari
Cheibriados
Dithmenos
Fedhas
Gozag
Hepliaklqana
Kikubaaqudgha
Makhleb
Nemelex Xobeh
Okawaru
Qazlal
Ru
Sif Muna
Trog
Uskayaw
Vehumet
Wu Jian
Xom
Yredelemnul
Zin
The Shining One

Annotations:
D:6 2 transporters, BlueFish's ghost, novice DrAr


Innate Abilities, Weirdness & Mutations

((You are very nimble when in or above water. (Stealth+, EV+, Speed+++)))
Your lower body shifts to a powerful aquatic tail in water.


Message History

The fire elemental is moderately damaged.
The fire elemental hits you. The fire elemental burns you!
The fire elemental misses you.
You slice the fire elemental!!
The fire elemental is almost destroyed.
The fire elemental barely misses you. The fire elemental hits you.
The fire elemental burns you! The fire elemental hits you.
The fire elemental burns you! The fire elemental closely misses you.
You slice the fire elemental!!
You destroy the fire elemental!
That felt strangely unrewarding.
The fire elemental hits you. The fire elemental burns you!
You slice the fire elemental!!
The fire elemental is severely damaged.
The fire elemental misses you.
You slash the fire elemental!
The fire elemental is almost destroyed.
The fire elemental completely misses you.
The fire elemental hits you. The fire elemental burns you!
* * * LOW HITPOINT WARNING * * *
You closely miss the fire elemental.
The fire elemental is almost destroyed.
The fire elemental barely misses you.
You feel better. The fire elemental closely misses you.
Okay, then.
You slice the fire elemental!!
You destroy the fire elemental!
That felt strangely unrewarding.
You slash the fire elemental!
The fire elemental is heavily damaged.
The fire elemental hits you. The fire elemental burns you!
* * * LOW HITPOINT WARNING * * *
You barely miss the fire elemental.
The fire elemental is heavily damaged.
The fire elemental hits you. The fire elemental burns you!
* * * LOW HITPOINT WARNING * * *
You slash the fire elemental!
The fire elemental is severely damaged.
The fire elemental hits you. The fire elemental burns you!
You die...

..................#
.....#######......#
....)# #......#
.....# #...####
.....# #.### #....#
#..# ## #.##.# #..#
..
#.##.#######..####.#
#.##..........°E@..#
#.#####....#..######
#.#####.##..#.#
#.............#
###############
......# #####.# #.#
#.#


You could see a fire elemental.

Vanquished Creatures
  2 fire elementals (D:7)
  2 steam dragons (D:6)
  A black bear (D:5)
  An orc warrior (D:6)
  A sky beast (D:7)
  An ice beast (D:5)
  2 ogres
  A phantom (D:4)
  2 bullfrogs
  2 scorpions
  6 hounds
  2 jellies
  3 orc priests
  An iguana (D:5)
  4 sleepcaps
  7 orc wizards
  4 gnolls (D:7)
  8 adders
  A white imp (D:6)
  2 ufetubi
  2 worms
  2 dart slugs
  15 orcs
  6 ball pythons
  9 endoplasms
  3 giant cockroaches (D:4)
  9 goblins
  8 hobgoblins
  6 jackals
  5 kobolds
  3 quokkas
  A bat (D:2)
  2 frilled lizards
  5 rats
129 creatures vanquished.

Vanquished Creatures (others)
  12 foxfires (D:6)
12 creatures vanquished.

Grand Total: 141 creatures vanquished

Notes
Turn   | Place    | Note
-------+----------+-------------------------------------------
     0 | D:1      | lessens the Merfolk Cinder Acolyte began the quest for the
                  | Orb.
     0 | D:1      | Reached XP level 1. HP: 18/18 MP: 2/2
   139 | D:1      | Reached skill level 1 in Polearms
   247 | D:1      | Reached skill level 2 in Polearms
   415 | D:1      | Reached XP level 2. HP: 15/24 MP: 3/3
   586 | D:1      | Reached skill level 3 in Polearms
  1005 | D:2      | Reached XP level 3. HP: 20/29 MP: 4/4
  1137 | D:2      | Reached skill level 4 in Polearms
  1546 | D:2      | Reached XP level 4. HP: 30/35 MP: 5/5
  2368 | D:3      | Reached skill level 5 in Polearms
  2902 | D:4      | Noticed a scorpion
  2915 | D:3      | Reached skill level 6 in Polearms
  2915 | D:3      | Reached XP level 5. HP: 39/41 MP: 6/6
  3057 | D:3      | Reached skill level 7 in Polearms
  3057 | D:3      | Reached XP level 6. HP: 18/47 MP: 7/7
  3253 | D:4      | Reached skill level 8 in Polearms
  3688 | D:5      | Entered Level 5 of the Dungeon
  3766 | D:5      | Reached skill level 9 in Polearms
  3766 | D:5      | Reached XP level 7. HP: 28/52 MP: 8/8
  3908 | D:5      | Reached skill level 1 in Dodging
  4118 | D:5      | Reached skill level 10 in Polearms
  4366 | D:5      | Reached XP level 8. HP: 57/58 MP: 9/9
  4898 | D:5      | Reached skill level 11 in Polearms
  5848 | D:6      | Found a transporter.
  5935 | D:6      | Noticed BlueFish's ghost (novice DrAr)
  5950 | D:6      | Reached skill level 5 in Dodging
  5957 | D:6      | Reached skill level 12 in Polearms
  6204 | D:6      | Reached XP level 9. HP: 40/64 MP: 10/10
  6497 | D:6      | Found a transporter.
  6555 | D:7      | Found a staircase to the Ecumenical Temple.
  6614 | Temple   | Entered the Ecumenical Temple
  6717 | Temple   | Fell from the grace of Ignis
  6717 | Temple   | Became a worshipper of Warmaster Okawaru
  6854 | D:7      | Reached skill level 13 in Polearms
  7025 | D:7      | Slain by a fire elemental

Illustrated notes

Levels and vault maps discovered:
D:1:      dpeg_arrival_triangle_fractal, layout_basic
D:2:      layout_basic, chequers_serial_rivers_large_b, minmay_bisected
D:3:      layout_basic, hangedman_decor_clover_reticule, palyth_stone_intersect,
          guppyfry_early_lair_pool
D:4:      layout_gridville, serial_rivers, chequers_serial_rivers_micro_b,
          chequers_serial_rivers_small_a, chequers_serial_rivers_micro_b,
          chequers_serial_rivers_room_a, chequers_serial_rivers_micro_c,
          grunt_ministairs_8
D:5:      layout_basic
D:6:      kennysheep_steamy, layout_basic, gammafunk_ghost_stat_death
D:7:      layout_loops_cross, minmay_temple_entry_fiery
Temple:   mainiacjoe_temple_hex_bubbles

Skill      XL: |  1  2  3  4  5  6  7  8  9 |
---------------+----------------------------+-----
Polearms       | 2 3 4 6 7 9 10 12 13 | 13.3
Dodging        | 3 6 |  6.8
Fighting       | |  3.2
Axes           | |  2.4
Spellcasting   | |  1.0
Fire Magic     | |  2.1

Action                     |  1- 3 |  4- 6 |  7- 9 || total
---------------------------+-------+-------+-------++-------
  Melee: Hand axe          |    75 |       |       ||    75
         Trident           |    44 |   250 |    51 ||   345
         Punch             |       |     2 |       ||     2
         Glaive            |       |       |   174 ||   174
 Invoke: Foxfire Swarm     |       |       |     1 ||     1
         Fiery Armour      |       |       |     1 ||     1
    Use: Potion            |       |       |     1 ||     1
 Armour: Robe              |    19 |       |       ||    19
         Ring mail         |     6 |    72 |   105 ||   183
  Dodge: Dodged            |    83 |    93 |   110 ||   286

Table legend: (Time is in decaauts)
 A = Elapsed time spent in this place.
 B = Non-inter-level travel time spent in this place.
 C = Inter-level travel time spent in this place.
 D = Time resting spent in this place.
 E = Time spent auto-exploring this place.
 F = Levels seen in this place.
 G = Mean time per level.
                   A        B        C        D        E       F      G
               +--------+--------+--------+--------+--------+-----+--------+
         Total |   6999 |   6701 |    298 |    175 |   5435 |   8 |  874.9 |
       Dungeon |   6800 |   6529 |    271 |    175 |   5270 |   7 |  971.4 |
        Temple |    198 |    171 |     27 |      0 |    165 |   1 |  198.0 |
               +--------+--------+--------+--------+--------+-----+--------+

Top non-repeatable levels by time:
     D:5: 1761 daAuts
     D:2: 1268 daAuts
     D:6: 1067 daAuts
     D:1: 912 daAuts
     D:3: 839 daAuts
     D:4: 641 daAuts
     D:7: 308 daAuts
  Temple: 198 daAuts

Levels and vault maps discovered:
D:1:      dpeg_arrival_triangle_fractal, layout_basic
D:2:      layout_basic, chequers_serial_rivers_large_b, minmay_bisected
D:3:      layout_basic, hangedman_decor_clover_reticule, palyth_stone_intersect,
          guppyfry_early_lair_pool
D:4:      layout_gridville, serial_rivers, chequers_serial_rivers_micro_b,
          chequers_serial_rivers_small_a, chequers_serial_rivers_micro_b,
          chequers_serial_rivers_room_a, chequers_serial_rivers_micro_c,
          grunt_ministairs_8
D:5:      layout_basic
D:6:      kennysheep_steamy, layout_basic, gammafunk_ghost_stat_death
D:7:      layout_loops_cross, minmay_temple_entry_fiery
Temple:   mainiacjoe_temple_hex_bubbles
